 Dungeon Crawl Stone Soup version 0.25.0-9-g26727b657a (webtiles) character file.

Game seed: 11477322520816058997

396 gruber the Covered (level 6, 0/35 HPs)
             Began as a Gargoyle Hunter on June 16, 2020.
             Killed from afar by Dowan (8 damage)
             ... with a puff of flame
             ... on level 4 of the Dungeon.
             The game lasted 00:05:40 (4946 turns).

gruber the Covered (Gargoyle Hunter)                Turns: 4946, Time: 00:05:41

Health: 0/35       AC:  8    Str: 18    XL:     6   Next: 82%
Magic:  6/6        EV: 12    Int: 11    God:
Gold:   180        SH:  0    Dex: 10    Spells: 5/5 levels left

rFire    . . .     SeeInvis .   r - +1 dagger (vamp)
rCold    . . .     Gourm    .   (no shield)
rNeg     + + .     Faith    .   l - +2 robe {rN+}
rPois    ∞         Spirit   .   (no helmet)
rElec    +         Reflect  .   (no cloak)
rCorr    .         Harm     .   (no gloves)
MR       .....                  (no boots)
Stlth    +.........             (no amulet)
HPRegen  0.11/turn              (no ring)
MPRegen  0.10/turn              (no ring)

@: glowing
A: negative energy resistance 1, electricity resistance, unbreathing,
petrification resistance, rot immunity, AC +4
a: no special abilities


You were on level 4 of the Dungeon.
You were not hungry.

You visited 1 branch of the dungeon, and saw 4 of its levels.

You collected 180 gold pieces.

Inventory:

Hand Weapons
 a - a +1 shortbow
 b - a +1 dagger of holy wrath
 e - a +0 quarterstaff
 r - a +1 vampiric dagger (weapon)
Missiles
 d - 51 arrows
 j - a poisoned dart (quivered)
Armour
 l - a +2 robe of positive energy (worn)
Wands
 q - a wand of enslavement (11)
Scrolls
 c - a scroll of fog {unknown}
 g - a scroll of magic mapping {unknown}
 h - a scroll of amnesia {unknown}
 i - 3 scrolls of teleportation {unknown}
 k - a scroll of enchant weapon {unknown}
 m - a scroll of remove curse {unknown}
 n - 2 scrolls of random uselessness {unknown}
 p - 5 scrolls of identify {unknown}
 s - 3 scrolls of enchant armour {unknown}
 t - a scroll of blinking {unknown}
Potions
 o - a potion of flight {unknown}
Comestibles
 f - 9 rations
 u - 2 chunks of flesh


   Skills:
 - Level 2.1 Fighting
 * Level 5.5 Bows
 - Level 6.0 Armour
 - Level 1.5 Dodging
 - Level 1.1 Stealth


You had 5 spell levels left.
You didn't know any spells.
Your spell library was empty.

Dungeon Overview and Level Annotations

Branches:
Dungeon (4/15)
 Temple: D:4-7

Altars:

Annotations:
D:4 Dowan, Duvessa


Innate Abilities, Weirdness & Mutations

You are resistant to torment.
Your stone body is resilient. (AC +4)
You are immune to poison.
You resist negative energy. (rN+)
You are resistant to electric shocks. (rElec)
You can survive without breathing.
You are immune to petrification.
You are immune to rotting.


Message History

Duvessa is severely wounded.
Duvessa hits you but does no damage. Dowan casts a spell at you.
The puff of flame hits you.
* * * LOW HITPOINT WARNING * * *
You barely miss Duvessa.
Duvessa is almost dead.
Duvessa hits you with a +0 short sword.
* * * LOW HITPOINT WARNING * * *
Dowan gestures at you while chanting.
You are outlined in light.
You hit Duvessa but do no damage.
Duvessa is almost dead.
Duvessa barely misses you. Dowan hits you but does no damage.
You closely miss Duvessa.
Duvessa is almost dead.
Duvessa hits you but does no damage.
Dowan points at you and mumbles some strange words.
The puff of flame hits you!
You die...

#..............#####.####.......#
.....................##.........#
.....................##.#.......#
.÷.......#..............#.##.####
..........................##.##
.........#......#.##.###..##>.#
#........#÷#......##.########.#
#.....[.>..............# #.#
........#.#...##@e....(# #.#
#.#..####...#.###e.....# #.#
.....# ..##..###).....######.#
#..... ......###....(..(......#
#.# ####........####### ..
#.......(...# #.#.#######(#
##.#.# ..# #..#.# .#


You could see Duvessa (very poisoned) and Dowan.

Vanquished Creatures
  Sigmund (D:2)
  A hound (D:3)
  Natasha (thrice) (D:3)
  3 adders (D:3)
  An adder skeleton (D:4)
  5 worms
  3 dart slugs
  2 leopard geckos
  An orc (D:3)
  11 bats
  8 giant cockroaches
  11 goblins
  15 hobgoblins
  2 quokkas
  3 frilled lizards
  6 kobolds
  4 rats
80 creatures vanquished.

Notes
Turn   | Place    | Note
-------+----------+-------------------------------------------
     0 | D:1      | gruber the Gargoyle Hunter began the quest for the Orb.
     0 | D:1      | Reached XP level 1. HP: 12/12 MP: 1/1
   253 | D:1      | Reached skill level 1 in Armour
   516 | D:1      | Reached XP level 2. HP: 17/17 MP: 2/2
   574 | D:1      | Reached skill level 2 in Armour
  1408 | D:2      | Reached XP level 3. HP: 10/21 MP: 3/3
  1682 | D:2      | Reached skill level 3 in Armour
  2511 | D:2      | Noticed Sigmund
  2537 | D:2      | Killed Sigmund
  2537 | D:2      | Reached skill level 6 in Armour
  2537 | D:2      | Reached XP level 4. HP: 3/26 MP: 4/4
  2537 | D:2      | Reached XP level 5. HP: 4/30 MP: 5/5
  3050 | D:2      | Reached XP level 6. HP: 35/35 MP: 6/6
  3705 | D:3      | Noticed Natasha
  3793 | D:3      | Killed Natasha
  3797 | D:3      | Reached skill level 5 in Bows
  4430 | D:3      | Noticed Natasha
  4433 | D:3      | Killed Natasha
  4728 | D:3      | Noticed Natasha
  4737 | D:3      | Killed Natasha
  4896 | D:4      | Noticed Dowan
  4912 | D:4      | Noticed Duvessa
  4946 | D:4      | Killed from afar by Dowan

Illustrated notes

Levels and vault maps discovered:
D:1:      lightli_arrival_lavapool, layout_basic
D:2:      cheibrodos_greedy_goblins, layout_basic, uniq_sigmund
D:3:      layout_basic, uniq_natasha
D:4:      layout_rooms, first_ration, kennysheep_generic_room_6, uniq_duvessa

Skill      XL: |  1  2  3  4  5  6 |
---------------+-------------------+-----
Armour         | 1 2 6 |  6.0
Bows           | 5 |  5.5
Fighting       | |  2.1
Dodging        | |  1.5
Stealth        | |  1.1

Action                   |  1- 3 |  4- 6 || total
-------------------------+-------+-------++-------
Melee: Short sword       |    49 |       ||    49
       Dagger            |   117 |   238 ||   355
 Fire: Shortbow          |    12 |    52 ||    64
Throw: Dart              |    12 |    17 ||    29
  Use: Potion            |       |     3 ||     3
 Stab: Sleeping          |     1 |       ||     1
  Eat: Chunk             |     5 |     8 ||    13
Armor: Leather armour    |    94 |       ||    94
       Robe              |       |   108 ||   108
Dodge: Dodged            |   115 |   175 ||   290
